Map: Para Site LE

Players

Graoully - Winner!

  • Race: Zerg Zerg
  • League: Diamond
  • Spawn Location: 5:00

Robola

  • Race: Terran Terran
  • League: Diamond
  • Spawn Location: 11:00

VOD

Have the link to the VOD?

Description

Time

  • Played on: Nov. 8, 2018, 1:04 p.m.
  • Length: 10:40
Show
View Real Time Build Order
Export as new Build Order

Graoully Zerg - Winner!

Build Orders: Hatch First, Muta Ling Bane, Ravager All-In 

Get SALT Encoding   

  12  0:01  Drone  
  13  0:08  Drone  
  14  0:17  Overlord  
  14  0:26  Drone, Extractor  
  15  0:35  Drone  
  15  0:36  Drone  
  17  0:56  Hatchery  
  16  0:58  Drone  
  16  1:01  Extractor  
  16  1:15  Spawning Pool, Drone  
  16  1:22  Drone  
  16  1:23  Drone  
  18  1:36  Drone  
  19  1:42  Overlord  
  19  1:52  Drone  
  20  2:03  Roach Warren  
  20  2:04  Queen  
  20  2:05  Extractor  
  20  2:13  Queen  
  22  2:17  Drone  
  22  2:22  Drone  
  24  2:24  Drone  
  25  2:34  Overlord  
  25  2:43  Roach x2  
  29  2:49  Roach  
  31  3:04  Ravager x2  
  33  3:10  Ravager  
  33  3:11  Roach  
  33  3:12  Roach  
  38  3:44  Ravager x2  
  40  4:06  Drone x3, Overlord  
  43  4:12  Hatchery  
  43  4:14  Overlord x2  
  42  4:17  Queen  
  44  4:38  Roach x3  
  50  4:47  Lair  
  50  4:48  Metabolic Boost  
  50  5:02  Ravager x3  
  53  5:11  Overlord  
  53  5:14  Overlord  
  53  5:27  Overlord  
  53  5:29  Drone x3  
  53  5:33  Drone x5  
  61  5:39  Drone  
  61  5:40  Drone  
  63  6:02  Drone x4, Spire  
  60  6:20  Drone x7  
  60  6:21  Drone x2  
  60  6:23  Extractor  
  68  6:37  Spore Crawler  
  68  6:38  Spore Crawler  
  66  6:40  Drone  
  66  6:41  Drone x4  
  71  6:51  Extractor  
  70  7:03  Hatchery, Overlord  
  70  7:07  Zergling x10  
  74  7:15  Overseer  
  74  7:20  Mutalisk, Overlord  
  74  7:21  Mutalisk x3  
  80  7:30  Mutalisk x2  
  84  7:43  Mutalisk x2  
  88  7:54  Overlord  
  88  7:55  Drone x4  
  92  8:01  Drone, Evolution Chamber  
  92  8:02  Evolution Chamber  
  92  8:03  Baneling Nest  
  90  8:09  Zergling x2  
  90  8:11  Overlord  
  90  8:12  Overlord x2  
  91  8:19  Overlord x3  
  91  8:24  Drone x3  
  91  8:25  Overlord  
  94  8:34  Zergling x4  
  96  8:42  Zergling x12  
  102  9:00  Zergling x2  
  102  9:01  Zergling x16  
  109  9:10  Overlord  
  109  9:12  Centrifical Hooks  
  109  9:15  Zergling x10  
  113  9:24  Baneling x7  
  113  9:25  Baneling x2  
  113  9:29  Zergling x14  
  120  9:39  Zergling x6  
  120  9:40  Zergling x6  
  120  9:44  Baneling x5  
  120  9:45  Baneling x4  
  126  9:52  Zergling x10  
  131  9:53  Zergling x2  
  131  9:56  Baneling x4  
  131  9:57  Baneling x2  
  126  10:16  Zergling x12  
  126  10:17  Zergling x8  
Show
View Real Time Build Order
Export as new Build Order

Robola Terran 

Build Orders:  

Get SALT Encoding   

  12  0:01  SCV  
  13  0:13  SCV  
  14  0:17  Supply Depot  
  14  0:25  SCV  
  15  0:28  Refinery  
  15  0:38  SCV  
  16  0:45  Barracks  
  16  0:50  SCV  
  17  1:02  SCV  
  18  1:15  SCV  
  19  1:32  Orbital Command, Reaper  
  20  1:43  Command Center  
  20  1:57  SCV  
  21  2:04  Factory  
  21  2:06  Barracks Reactor  
  21  2:09  SCV  
  21  2:11  Supply Depot  
  22  2:19  Refinery  
  22  2:21  SCV  
  23  2:33  SCV  
  24  2:46  Marine x2  
  26  2:52  Bunker  
  26  2:54  Factory Tech Lab  
  26  2:56  Barracks  
  26  3:02  SCV  
  26  3:04  Bunker  
  27  3:07  Marine x2  
  29  3:13  Siege Tank  
  32  3:26  Supply Depot x2  
  32  3:28  Marine x2  
  34  3:44  Marine, Supply Depot  
  34  3:46  Marine  
  36  3:53  Cyclone  
  39  3:59  SCV  
  40  4:04  Marine  
  41  4:13  Orbital Command  
  41  4:28  Barracks Tech Lab  
  40  4:35  Starport, Supply Depot  
  40  4:39  Marine  
  41  4:47  SCV, Factory Tech Lab  
  41  4:49  SCV  
  43  4:54  Marine, Stimpack  
  43  4:59  SCV  
  45  5:13  Marine  
  46  5:16  Factory Tech Lab  
  46  5:18  Barracks Reactor  
  46  5:28  Cloaking Field, Banshee  
  46  5:32  Marine  
  46  5:34  Siege Tank  
  53  5:41  Barracks  
  53  5:42  Barracks  
  53  5:49  Marine  
  53  5:52  Supply Depot  
  53  5:55  Marine  
  53  5:56  Engineering Bay  
  55  5:58  Marine  
  56  6:07  Marine  
  57  6:11  Banshee  
  53  6:35  Marine x3  
  53  6:36  Marine  
  53  6:37  Marine  
  53  6:39  Supply Depot  
  58  6:53  Marine  
  59  6:56  SCV  
  60  7:01  Siege Tank  
  60  7:03  Marine x2  
  60  7:04  Marine, Barracks  
  60  7:08  Combat Shield, SCV, Starport Reactor  
  67  7:09  Marine  
  67  7:11  Marine, Orbital Command  
  69  7:20  SCV  
  69  7:21  Marine  
  69  7:22  Orbital Command  
  71  7:29  Marine  
  72  7:32  SCV  
  73  7:39  Siege Tank  
  76  7:44  SCV  
  76  7:47  SCV  
  76  7:49  Terran Infantry Weapons Level 1  
  78  8:24  Marine x4, SCV x2, Medivac, Supply Depot  
  86  8:28  Marine  
  86  8:31  Medivac  
  85  8:36  SCV  
  85  8:40  Missile Turret  
  85  8:41  Missile Turret  
  86  8:45  Marine x4, SCV  
  86  8:46  Marine  
  93  8:48  SCV  
  90  8:57  SCV  
  90  9:00  SCV  
  90  9:01  Medivac  
  90  9:02  Medivac  
  93  9:06  Marine  
  94  9:36  Marine  
  94  9:46  Marine x2  
  94  10:12  Marine  
  94  10:14  Marine  
Tags
 
Add a new tag
Caveats
  • Supply blocks, unpowered buildings, or Contaminate may cause inaccurate times.
  • Supply counts are checked every 10 seconds.